 Dungeon Crawl Stone Soup version 0.31.0-11-ge490571c62 (webtiles) character file.

Game seed: 9273923302565281328

3812 qw the Skirmisher (level 9, -1/53 HPs)
             Began as a Deep Elf Hunter on Feb 3, 2024.
             Was a Believer of Okawaru.
             Slain by a gnoll
             ... wielding a +0 spear
             ... led by a gnoll bouda
              (3 damage)
             ... on level 8 of the Dungeon.
             The game lasted 00:01:06 (5823 turns).

qw the Skirmisher (Deep Elf Hunter)                 Turns: 5823, Time: 00:01:07

Health: -1/53      AC: 12    Str: 12    XL:     9   Next: 96%
Magic:  13/14      EV: 18    Int: 15    God:    Okawaru [**....]
Gold:   349        SH:  0    Dex: 18    Spells: 8/8 levels left

rFire   . . .        a - +2 shortbow (heavy)
rCold   . . .        (shield currently unavailable)
rNeg    + . .        g - +0 ring mail "Hupir" {rN+ Regen+}
rPois   .            (no helmet)
rElec   .            h - +0 cloak
rCorr   +            l - +2 pair of gloves
SInv    +            i - +0 pair of boots
Will    .....        (no amulet)
Stlth   +++          c - ring of see invisible
HPRegen 1.08/turn    j - ring of resist corrosion
MPRegen 0.14/turn

%: no passive effects
@: lethally poisoned (-1 -> -7), about to teleport, heroic, slowed, very slow
A: no striking features
a: Renounce Religion, Heroism


You were on level 8 of the Dungeon.
You worshipped Okawaru.
Okawaru was pleased with you.
You visited 2 branches of the dungeon, and saw 9 of its levels.

You collected 371 gold pieces.
You spent 22 gold pieces at shops.


   Skills:
 + Level 4.9(9.9) Fighting
 - Level 14.0(19.0) Ranged Weapons
 - Level 2.1(7.1) Armour
 - Level 8.5(13.5) Dodging
 - Level 1.2(6.2) Stealth
 - Level 4.0 Invocations


You had 8 spell levels left.
You didn't know any spells.
Your spell library was empty.

Inventory:

Hand Weapons
 a - a +2 heavy shortbow (weapon)
Armour
 g - the +0 ring mail "Hupir" (worn) {rN+ Regen+}
   (You found it on level 2 of the Dungeon)

   rN+:       It protects you from negative energy.
   Regen+:    It increases your rate of health regeneration.
 h - a +0 cloak (worn)
 i - a +0 pair of boots (worn)
 l - a +2 pair of gloves (worn)
 q - a +2 cloak
Jewellery
 c - a ring of see invisible (left hand)
 j - a ring of resist corrosion (right hand)
 m - an amulet of guardian spirit
Wands
 f - a wand of acid (3)
Scrolls
 e - 2 scrolls of teleportation
 n - a scroll of noise {unknown}
 r - a scroll of revelation {unknown}
Potions
 b - 3 potions of resistance
 d - 3 potions of curing
 k - a potion of might
 o - a potion of heal wounds
 p - a potion of enlightenment

Dungeon Overview and Level Annotations

Branches:
Dungeon (8/15)             Temple (1/1) D:5
   Lair: D:8-11

Altars:
Ashenzari
Cheibriados
Elyvilon
Gozag
Hepliaklqana
Kikubaaqudgha
Makhleb
Nemelex Xobeh
Okawaru
Ru
Sif Muna
Trog
Uskayaw
Vehumet
Wu Jian
Xom
Yredelemnul
Zin
The Shining One

Shops:
D:1 !*![   D:6 :

Annotations:
D:3 1 runed translucent door, Crazy Yiuf


Message History

You shoot an arrow. The arrow hits the hornet!
The hornet is severely wounded.
You feel very sick. The gnoll misses you. The hornet completely misses you.
You shoot an arrow. The arrow barely misses the hornet.
You feel sick. The hornet closely misses you. The gnoll closely misses you.
The hornet barely misses you.
You shoot an arrow. The arrow hits the hornet.
The hornet is severely wounded.
You feel sick. The hornet closely misses you. The gnoll closely misses you.
The gnoll completely misses you. The hornet stings you!
You are more poisoned.
You feel yourself slow down.
Enter note:
Enter note: You shoot an arrow.
The arrow hits the hornet.
The hornet is severely wounded.
You feel extremely sick. The gnoll closely misses you.
The hornet closely misses you. The gnoll misses you.
The gnoll barely misses you.
The hornet stings you but does no damage.
The gnoll closely misses you.
You shoot an arrow. The arrow hits the hornet!
The hornet is almost dead.
You feel yourself speed up.
You feel very sick.
The gnoll is no longer moving quickly. x2
The hornet stings you but does no damage.
The gnoll completely misses you. The hornet closely misses you.
The gnoll hits you but does no damage. The gnoll barely misses you.
The hornet stings you!
You are lethally poisoned!
You feel yourself slow down. The gnoll misses you.
5823 ||| READING 3 scrolls of teleportation.
As you read the scroll of teleportation, it crumbles to dust.
You feel strangely unstable.
You feel very sick. The hornet closely misses you.
The gnoll hits you from afar with a +0 spear.
You die...

#.................#
#.................#...
#........)...######).
#............#.....)#
#............#....).#
#########....#......#
........#....#..gg..#
.......)#...)+.y....#
........)....#.@....#
........######......#
....................#
..............#######
............(.#
..............#
..............#
#+#############


You could see a hornet and 2 gnolls.

Vanquished Creatures
  Erica (D:8)
  Maurice (D:8)
  Jeremiah (D:8)
  Grinder (D:3)
  A wyvern (D:7)
  A steam dragon (D:6)
  2 water moccasins (D:5)
  2 sky beasts
  2 ice beasts
  A black bear (D:7)
  2 ogres (D:6)
  2 phantoms
  4 bullfrogs
  A kobold brigand (D:7)
  2 scorpions (D:4)
  2 bombardier beetles
  2 jellies (D:6)
  3 gnoll boudas
  4 hounds
  An iguana (D:6)
  Terence (D:2)
  2 orc wizards
  8 gnolls
  3 adders
  A shadow imp (D:7)
  A white imp (D:8)
  3 dart slugs
  3 ribbon worms (D:3)
  18 orcs
  8 ball pythons
  9 endoplasms
  3 giant cockroaches
  9 goblins
  6 hobgoblins
  3 jackals (D:2)
  10 kobolds
  2 quokkas
  6 bats
  3 frilled lizards
  5 rats
140 creatures vanquished.

Notes
Turn   | Place    | Note
-------+----------+-------------------------------------------
     0 | D:1      | qw the Deep Elf Hunter began the quest for the Orb.
     0 | D:1      | Reached XP level 1. HP: 12/12 MP: 3/3
     0 | D:1      | 0 ||| qw: Version: 0.3-a-155-g5e7d8dd
     0 | D:1      | 0 ||| qw: Game counter: 3205
     0 | D:1      | 0 ||| qw: Melee chars always use a shield: true
     0 | D:1      | 0 ||| qw: God list: Okawaru
     0 | D:1      | 0 ||| qw: Allow faded altars: false
     0 | D:1      | 0 ||| qw: Do Orc after clearing Dungeon:15 true
     0 | D:1      | 0 ||| qw: Do second Lair branch before Depths: true
     0 | D:1      | 0 ||| qw: Lair rune preference: random
     0 | D:1      | 0 ||| qw: Goals: Normal
     0 | D:1      | 0 ||| PLANNING D:1-11
    12 | D:1      | Found Temmiox's Antique Armour Shoppe.
    21 | D:1      | 21 ||| RETREEEEATING.
    24 | D:1      | 24 ||| RETREEEEATING.
    27 | D:1      | 27 ||| RETREEEEATING.
    28 | D:1      | 28 ||| RETREEEEATING.
    29 | D:1      | 29 ||| RETREEEEATING.
    31 | D:1      | 31 ||| RETREEEEATING.
    32 | D:1      | 32 ||| RETREEEEATING.
    33 | D:1      | 33 ||| RETREEEEATING.
    44 | D:1      | Reached XP level 2. HP: 11/16 MP: 4/4
    71 | D:1      | Reached skill level 6 in Ranged Weapons
    80 | D:1      | 80 ||| SHOPLISTING cloak (108 gold, have 0).
    80 | D:1      | 80 ||| SHOPLISTING glowing robe (88 gold, have 0).
    80 | D:1      | 80 ||| SHOPLISTING pair of gloves (108 gold, have 0).
    80 | D:1      | 80 ||| SHOPLISTING scale mail (96 gold, have 0).
   150 | D:1      | Found Imausiv's Distillery.
   164 | D:1      | 164 ||| SHOPLISTING potion of curing (39 gold, have 0).
   164 | D:1      | 164 ||| SHOPLISTING potion of enlightenment (65 gold, have
                  | 0).
   164 | D:1      | 164 ||| SHOPLISTING potion of haste (130 gold, have 0).
   164 | D:1      | 164 ||| SHOPLISTING potion of mutation (104 gold, have 0).
   164 | D:1      | 164 ||| SHOPLISTING potion of resistance (130 gold, have
                  | 0).
   386 | D:1      | Reached XP level 3. HP: 20/20 MP: 5/5
   392 | D:1      | Found Oddi's General Store.
   407 | D:1      | 407 ||| BUYING scroll of identify (22 gold).
   407 | D:1      | Bought a scroll of identify for 22 gold pieces
   407 | D:1      | 407 ||| SHOPLISTING scroll of identify (22 gold, have 20).
   407 | D:1      | 407 ||| SHOPLISTING scroll of teleportation (33 gold, have
                  | 20).
   457 | D:1      | Found Cefo Uha's Distillery.
   466 | D:1      | 466 ||| SHOPLISTING potion of curing (42 gold, have 20).
   466 | D:1      | 466 ||| SHOPLISTING potion of haste (140 gold, have 20).
   466 | D:1      | 466 ||| SHOPLISTING potion of resistance (140 gold, have
                  | 20).
   487 | D:1      | 487 ||| UPGRADING to +0 pair of gloves.
   492 | D:1      | 492 ||| READING scroll of identify.
   492 | D:1      | 492 ||| IDENTIFYING scroll labelled MUNYQAEPRE
   493 | D:1      | 493 ||| READING scroll of brand weapon.
   493 | D:1      | 493 ||| BRANDING +0 shortbow.
   494 | D:1      | 494 ||| READING scroll labelled MECISI DIZIX.
   495 | D:1      | 495 ||| DROPPING scroll of butterflies.
   619 | D:2      | Reached skill level 7 in Ranged Weapons
   718 | D:2      | Found a snail-covered altar of Cheibriados.
   720 | D:2      | Noticed Terence
   723 | D:2      | Killed Terence
   724 | D:2      | Reached XP level 4. HP: 25/25 MP: 6/6
   764 | D:2      | Identified the +0 ring mail "Hupir" {rN+ Regen+}
   853 | D:2      | Found a faded altar of an unknown god.
  1138 | D:2      | 1138 ||| UPGRADING to +0 scale mail.
  1148 | D:2      | 1148 ||| DROPPING +0 leather armour.
  1149 | D:2      | 1149 ||| UPGRADING to +0 ring mail "Hupir" {rN+ Regen+}.
  1159 | D:2      | 1159 ||| DROPPING +0 scale mail.
  1160 | D:2      | 1160 ||| UPGRADING to +0 pair of boots.
  1165 | D:2      | 1165 ||| READING scroll labelled MOFITO UMIQI.
  1266 | D:2      | 1266 ||| READING scroll labelled NISILUAMETU.
  1267 | D:2      | 1267 ||| DRINKING 2 smoky inky potions.
  1306 | D:2      | 1306 ||| DROPPING potion of lignification.
  1378 | D:3      | Noticed Grinder
  1387 | D:3      | 1387 ||| RETREEEEATING.
  1391 | D:3      | Paralysed by Grinder for 4 turns
  1392 | D:3      | HP: 4/25 [Grinder (3)]
  1393 | D:3      | HP: 1/25 [hound (1)]
  1397 | D:3      | Reached skill level 8 in Ranged Weapons
  1409 | D:3      | 1409 ||| FLEEEEING.
  1410 | D:3      | 1410 ||| FLEEEEING.
  1411 | D:3      | 1411 ||| FLEEEEING.
  1413 | D:3      | 1413 ||| FLEEEEING.
  1423 | D:3      | Killed Grinder
  1424 | D:3      | Reached skill level 9 in Ranged Weapons
  1424 | D:3      | Reached XP level 5. HP: 21/29 MP: 7/7
  1424 | D:3      | Reached XP level 6. HP: 25/34 MP: 8/8
  1683 | D:3      | 1683 ||| DRINKING 2 lumpy ruby potions.
  1684 | D:3      | 1684 ||| DRINKING 2 fizzy inky potions.
  1689 | D:3      | 1689 ||| FLEEEEING.
  1691 | D:3      | 1691 ||| STAIRDANCE
  1714 | D:2      | 1714 ||| READING 2 scrolls of identify.
  1714 | D:2      | 1714 ||| IDENTIFYING scroll labelled NUGAGG SIBUOPI
  1715 | D:2      | 1715 ||| READING scroll of identify.
  1715 | D:2      | 1715 ||| IDENTIFYING scroll labelled MOXIKO TIETOA
  1716 | D:2      | 1716 ||| READING scroll labelled TOZXUG TITT.
  1717 | D:2      | 1717 ||| DROPPING potion of attraction.
  1718 | D:2      | 1718 ||| DROPPING scroll of immolation.
  1719 | D:2      | 1719 ||| DROPPING potion of degeneration.
  1722 | D:3      | 1722 ||| STAIRDANCE
  1822 | D:3      | Reached skill level 1 in Armour
  1899 | D:3      | Found a runed translucent door.
  1900 | D:3      | Noticed Crazy Yiuf
  2034 | D:4      | Reached skill level 10 in Ranged Weapons
  2034 | D:4      | 2034 ||| FLEEEEING.
  2081 | D:4      | Reached skill level 3 in Dodging
  2081 | D:4      | Reached XP level 7. HP: 23/40 MP: 9/9
  2616 | D:4      | 2616 ||| UPGRADING to amulet of guardian spirit.
  2621 | D:4      | 2621 ||| UPGRADING to ring of see invisible.
  2622 | D:4      | 2622 ||| READING scroll of identify.
  2622 | D:4      | 2622 ||| IDENTIFYING murky cyan potion
  2651 | D:5      | Entered Level 5 of the Dungeon
  2675 | D:5      | HP: 9/40 [water moccasin (2)]
  2676 | D:5      | 2676 ||| READING 4 scrolls of teleportation.
  2811 | D:5      | Found a staircase to the Ecumenical Temple.
  2812 | D:5      | 2812 ||| PLANNING TEMPLE
  2812 | D:5      | 2812 ||| UPGRADING to +2 pair of gloves.
  2822 | D:5      | 2822 ||| DROPPING +0 pair of gloves.
  2823 | D:5      | 2823 ||| READING scroll labelled YFI DUFYFOEHER.
  2823 | D:5      | 2823 ||| ENCHANTING +0 heavy shortbow.
  2833 | Temple   | Entered the Ecumenical Temple
  2834 | Temple   | 2834 ||| PLANNING OKAWARU WORSHIP
  2846 | Temple   | Became a worshipper of Warmaster Okawaru
  2847 | Temple   | 2847 ||| PLANNING D:1-11
  2847 | Temple   | 2847 ||| REMOVING amulet of guardian spirit.
  3110 | D:5      | HP: 8/40 [poisoned by a water moccasin]
  3111 | D:5      | 3111 ||| READING 4 scrolls of teleportation.
  3112 | D:5      | HP: 3/40 [poisoned by a water moccasin]
  3114 | D:5      | Reached skill level 11 in Ranged Weapons
  3114 | D:5      | HP: 1/40 [poisoned by a water moccasin]
  3119 | D:5      | HP: 1/40 [poisoned by a water moccasin]
  3274 | D:5      | You fall into a shaft and drop 3 floors!
  3298 | D:8      | Noticed Maurice
  3301 | D:8      | 3301 ||| ZAPPING wand of acid (11) at -2,-1 (Maurice;
                  | floor).
  3302 | D:8      | 3302 ||| ZAPPING wand of acid (10) at -1,0 (Maurice;
                  | floor).
  3303 | D:8      | 3303 ||| ZAPPING wand of acid (9) at -1,0 (Maurice; floor).
  3303 | D:8      | Maurice stole an amulet of guardian spirit
  3304 | D:8      | 3304 ||| ZAPPING wand of acid (8) at -1,0 (Maurice; floor).
  3305 | D:8      | 3305 ||| ZAPPING wand of acid (7) at -1,0 (Maurice; floor).
  3305 | D:8      | Maurice stole 190 gold
  3306 | D:8      | 3306 ||| ZAPPING wand of acid (6) at -1,0 (Maurice; floor).
  3306 | D:8      | Killed Maurice
  3307 | D:8      | Reached skill level 12 in Ranged Weapons
  3307 | D:8      | Reached XP level 8. HP: 41/44 MP: 10/10
  3414 | D:8      | 3414 ||| UPGRADING to +0 cloak.
  3419 | D:8      | 3419 ||| READING scroll of identify.
  3419 | D:8      | 3419 ||| IDENTIFYING fizzy white potion
  3455 | D:7      | Reached skill level 3 in Fighting
  3492 | D:7      | Reached * piety under Okawaru
  3570 | D:7      | Reached skill level 13 in Ranged Weapons
  3570 | D:7      | Reached skill level 1 in Invocations
  3645 | D:7      | 3645 ||| UPGRADING to ring of resist corrosion.
  3655 | D:7      | Reached skill level 3 in Invocations
  3698 | D:6      | 3698 ||| READING 3 scrolls of identify.
  3698 | D:6      | 3698 ||| IDENTIFYING emerald potion
  3702 | D:6      | 3702 ||| FLEEEEING.
  3703 | D:6      | 3703 ||| FLEEEEING.
  3704 | D:6      | 3704 ||| FLEEEEING.
  3705 | D:6      | 3705 ||| FLEEEEING.
  3706 | D:6      | 3706 ||| STAIRDANCE
  3836 | D:5      | Reached ** piety under Okawaru
  3994 | D:6      | Reached XP level 9. HP: 50/50 MP: 13/13
  4120 | D:6      | Reached skill level 14 in Ranged Weapons
  4516 | D:6      | Found Wudi's Book Shoppe.
  5077 | D:6      | 5077 ||| READING 2 scrolls of identify.
  5077 | D:6      | 5077 ||| IDENTIFYING dark potion
  5078 | D:6      | 5078 ||| READING scroll of identify.
  5078 | D:6      | 5078 ||| IDENTIFYING scroll labelled YBBOFO VYEDAME
  5079 | D:6      | 5079 ||| DROPPING scroll of amnesia.
  5253 | D:7      | 5253 ||| READING scroll of enchant weapon.
  5253 | D:7      | 5253 ||| ENCHANTING +1 heavy shortbow.
  5292 | D:7      | 5292 ||| ZAPPING wand of acid (11) at 1,0 (black bear;
                  | floor).
  5293 | D:7      | Reached skill level 6 in Dodging
  5358 | D:7      | 5358 ||| READING scroll of identify.
  5358 | D:7      | 5358 ||| IDENTIFYING amethyst potion
  5707 | D:8      | Noticed Erica
  5708 | D:8      | 5708 ||| INVOKING Heroism.
  5712 | D:8      | Killed Erica
  5775 | D:8      | Noticed Jeremiah
  5776 | D:8      | 5776 ||| ZAPPING wand of acid (10) at -3,0 (Jeremiah;
                  | floor).
  5777 | D:8      | 5777 ||| ZAPPING wand of acid (9) at -3,0 (Jeremiah;
                  | floor).
  5778 | D:8      | 5778 ||| ZAPPING wand of acid (8) at -3,0 (Jeremiah;
                  | floor).
  5779 | D:8      | 5779 ||| ZAPPING wand of acid (7) at -3,0 (Jeremiah;
                  | floor).
  5780 | D:8      | 5780 ||| ZAPPING wand of acid (6) at -3,0 (Jeremiah;
                  | floor).
  5781 | D:8      | 5781 ||| INVOKING Heroism.
  5782 | D:8      | 5782 ||| ZAPPING wand of acid (5) at -2,-1 (Jeremiah;
                  | floor).
  5783 | D:8      | 5783 ||| ZAPPING wand of acid (4) at -2,-1 (Jeremiah;
                  | floor).
  5783 | D:8      | Killed Jeremiah
  5815 | D:8      | 5815 ||| INVOKING Heroism.
  5817 | D:8      | Paralysed by a hornet for 1 turns
  5822 | D:8      | HP: 6/53 [hornet (8)]
  5823 | D:8      | 5823 ||| READING 3 scrolls of teleportation.
  5823 | D:8      | HP: 2/53 [poisoned by a hornet]
  5823 | D:8      | Slain by a gnoll

Levels and vault maps discovered:
D:1:      amcnicky_arrival_wind_blow, layout_rooms, serial_shops,
          nicolae_shop_temple_entry_statues_fountains, nicolae_shop_stone,
          nicolae_shop_waterfront, shop
D:2:      layout_basic, basic_altar, shapermc_ecumenical_altar_rom_forum,
          hangedman_abyss_or_decor_stabs, hex_intersection, chequers_arboretum,
          uniq_terence
D:3:      layout_basic, uniq_crazy_yiuf_cottage, uniq_grinder
D:4:      layout_loops_ring, dk_noncrumbling_3
D:5:      layout_basic, minmay_temple_entry_glass
D:6:      layout_layer_cave, serial_shops, nicolae_take_the_stairs,
          st_stairs_10, minmay_misc_feat_room, kennysheep_pointless_box
D:7:      layout_cave_pools, grunt_ministairs_4, minmay_misc_feat_alley,
          minmay_misc_feat_rugged
D:8:      layout_gridville, nicolae_dithmenos_through_a_glass_darkly,
          uniq_jeremiah, uniq_erica, uniq_maurice, uniq_maggie
Temple:   compressed_dpeg_triangle_lava_temple

Skill      XL: |  1  2  3  4  5  6  7  8  9 |
---------------+----------------------------+-----
Ranged Weapons | 6 7 9 10 12 13 14 | 14.0
Fighting       | 2 3 4 |  4.9
Armour         | 1 2 |  2.1
Dodging        | 3 4 8 |  8.5
Invocations    | 3 4 |  4.0
Stealth        | |  1.2

Action                     |  1- 3 |  4- 6 |  7- 9 || total
---------------------------+-------+-------+-------++-------
   Fire: Shortbow          |    86 |   105 |   207 ||   398
 Invoke: Heroism           |       |       |     3 ||     3
  Evoke: Wand              |       |       |    14 ||    14
    Use: Scroll            |     3 |     5 |    11 ||    19
         Potion            |       |     3 |       ||     3
 Armour: Leather armour    |    24 |       |       ||    24
         Ring mail         |       |   110 |    84 ||   194
  Dodge: Dodged            |    43 |    77 |    74 ||   194

Table legend:
 A = Non-vault XP
 B = Vault XP
 C = Vault XP percentage of total XP
 D = Non-vault monster count
 E = Vault monster count
 F = Vault count percentage of total count
                 A         B        C        D         E       F
            +---------+---------+-------+---------+---------+-------
      Total |    3158 |    2288 |  42.0 |     131 |       9 |   6.4
            +---------+---------+-------+---------+---------+-------
        D:1 |      45 |       0 |   0.0 |      27 |       0 |   0.0
        D:2 |      74 |      36 |  32.7 |      15 |       1 |   6.2
        D:3 |     149 |     277 |  65.0 |      25 |       1 |   3.8
        D:4 |     194 |       0 |   0.0 |      15 |       0 |   0.0
        D:5 |     357 |       0 |   0.0 |       4 |       0 |   0.0
        D:6 |     938 |     178 |  15.9 |      13 |       2 |  13.3
        D:7 |    1102 |      60 |   5.2 |      22 |       2 |   8.3
        D:8 |     299 |    1737 |  85.3 |      10 |       3 |  23.1
            +---------+---------+-------+---------+---------+-------
